Map: Disco Bloodbath LE

Players

APTX - Winner!

  • Race: Zerg Zerg
  • League: Diamond
  • Spawn Location: 9:00

A.I. 1 (Medium)

  • Race: Terran Terran
  • Spawn Location: 3:00

VOD

Have the link to the VOD?

Description

Time

  • Played on: Oct. 9, 2019, 2:31 p.m.
  • Length: 4:52
Show
View Real Time Build Order
Export as new Build Order

APTX Zerg - Winner!

Build Orders: Hatch First 

Get SALT Encoding   

  12  0:01  Drone  
  13  0:12  Overlord  
  13  0:16  Drone  
  14  0:30  Drone x2  
  16  0:49  Hatchery  
  15  0:51  Drone  
  15  0:55  Drone  
  17  0:59  Extractor  
  17  1:00  Drone  
  17  1:15  Spawning Pool  
  17  1:17  Drone  
  17  1:20  Drone  
  18  1:27  Drone  
  19  1:38  Drone  
  20  1:49  Overlord  
  20  2:01  Queen x2  
  20  2:02  Zergling x4  
  20  2:08  Metabolic Boost  
  26  2:12  Drone  
  26  2:14  Drone  
  28  2:22  Evolution Chamber  
  27  2:23  Drone  
  27  2:25  Drone  
  29  2:32  Drone  
  29  2:33  Drone  
  31  2:43  Drone  
  31  2:44  Overlord  
  32  2:48  Zerg Melee Weapons Level 1  
  32  2:53  Drone  
  32  2:55  Drone  
  34  3:02  Baneling Nest  
  33  3:14  Hatchery  
  33  3:17  Overlord  
  32  3:20  Zergling x4  
  32  3:22  Zergling x2  
  32  3:24  Zergling x2  
  36  3:27  Zergling x2  
  36  3:29  Zergling x2  
  36  3:32  Zergling x2  
  40  3:34  Zergling x2  
  40  3:36  Zergling x2  
  40  3:40  Zergling x2  
  43  3:41  Zergling x2  
  43  3:43  Zergling x2  
  43  3:46  Zergling x2  
  43  3:47  Zergling x2  
  46  3:49  Zergling x2  
  46  3:52  Zergling x2  
  46  3:55  Zergling x2  
  49  3:56  Zergling x2  
  49  3:59  Zergling x2  
  49  4:01  Baneling x2  
  49  4:02  Baneling  
  51  4:03  Baneling  
  51  4:04  Baneling  
  51  4:06  Baneling x2  
  51  4:10  Zergling x2  
  51  4:16  Overlord  
  52  4:17  Overlord  
  51  4:25  Zergling x4  
  51  4:26  Zergling x2  
  51  4:27  Zergling x2  
  51  4:28  Zergling x2  
  53  4:33  Zergling x2  
Show
View Real Time Build Order
Export as new Build Order

A.I. 1 (Medium) Terran 

Build Orders:  

Get SALT Encoding   

  12  0:00  SCV  
  13  0:13  SCV  
  14  0:18  Supply Depot  
  14  0:25  SCV  
  15  0:39  SCV  
  16  0:43  Barracks  
  16  0:48  Refinery  
  16  0:51  SCV  
  17  1:04  SCV  
  18  1:16  Supply Depot  
  18  1:30  Marine  
  19  1:34  Barracks, Orbital Command  
  19  1:43  Refinery  
  19  1:49  Barracks Tech Lab  
  19  2:07  Marine  
  20  2:11  Supply Depot  
  20  2:24  Marine  
  21  2:30  Marine  
  22  2:42  Marine  
  23  2:46  Supply Depot  
  23  2:53  Marine  
  23  2:54  SCV  
  25  3:04  Marine  
  26  3:06  SCV  
  27  3:14  Engineering Bay  
  27  3:16  Marine  
  27  3:18  SCV  
  29  3:27  Marine  
  29  3:30  SCV  
  31  3:39  Marine  
  32  3:42  SCV  
  32  3:47  Supply Depot  
  33  3:50  Marine  
  33  3:54  SCV  
  34  4:06  SCV  
  34  4:09  Marauder  
  37  4:29  SCV  
  37  4:30  Marauder  
Tags
 
Add a new tag
Caveats
  • Supply blocks, unpowered buildings, or Contaminate may cause inaccurate times.
  • Supply counts are checked every 10 seconds.